 Dungeon Crawl Stone Soup version 0.27.0-1-g7a089689b8 (webtiles) character file.

Game seed: 15696759263099129285

728 sanka the Cleaver (level 8, -13/58 HPs)
             Began as a Human Delver on Aug 8, 2021.
             Was a Believer of Trog.
             Mangled by a small abomination (15 damage)
             ... on level 4 of the Dungeon.
             The game lasted 00:09:19 (5873 turns).

sanka the Cleaver (Human Delver)                    Turns: 5873, Time: 00:09:20

Health: -13/58     AC: 12    Str: 15    XL:     8   Next: 3%
Magic:  8/8        EV:  4    Int: 10    God:    Trog [**....]
Gold:   254        SH:  0    Dex: 15    Spells: 7/7 levels left

rFire    . . .     SeeInvis .   a - +0 hand axe
rCold    . . .     Faith    .   (no shield)
rNeg     . . .     Spirit   .   l - +0 plate armour
rPois    .         Reflect  .   k - +2 hat
rElec    .         Harm     .   (no cloak)
rCorr    .         Rampage  .   (no gloves)
Will     .....                  (no boots)
Stlth    ..........             (no amulet)
HPRegen  0.19/turn              (no ring)
MPRegen  0.11/turn              (no ring)

@: on berserk cooldown, slowed, very slow
A: no striking features
a: Renounce Religion, Berserk, Trog's Hand


You were on level 4 of the Dungeon.
You worshipped Trog.
Trog was pleased with you.
You visited 2 branches of the dungeon, and saw 6 of its levels.

You collected 254 gold pieces.


   Skills:
 + Level 3.4 Fighting
 + Level 8.2 Axes
 + Level 1.2 Armour
 - Level 2.0 Dodging
 - Level 5.0 Stealth


You had 7 spell levels left.
You didn't know any spells.
Your spell library contained the following spells:

 Spells                   Type           Power      Damage    Failure   Level
 Sublimation of Blood     Necr           0%         N/A       100%        2
 Wereblood                Tmut           0%         N/A       100%        2
 Call Canine Familiar     Summ           0%         N/A       100%        3
 Portal Projectile        Hex/Tloc       0%         N/A       100%        3
 Leda's Liquefaction      Hex/Erth       0%         N/A       100%        4
 Summon Hydra             Summ           0%         N/A       100%        7

Inventory:

Hand Weapons
 a - a +0 hand axe (weapon)
 u - a +0 quarterstaff
Armour
 b - a +0 leather armour
 k - a +2 hat (worn)
 l - a +0 plate armour (worn)
 y - a +0 helmet
Jewellery
 r - a ring of flight
 t - a ring of magical power
Wands
 g - a wand of digging (10)
 i - a wand of mindburst (7)
 o - a wand of charming (10)
Scrolls
 c - 2 scrolls of fog
 d - a scroll of magic mapping
 e - a scroll of fear
 j - a scroll of noise {unknown}
 m - 4 scrolls of identify {unknown}
 n - a scroll of immolation {unknown}
 q - 3 scrolls of enchant armour {unknown}
 v - a scroll of silence {unknown}
 w - a scroll of blinking {unknown}
 x - a scroll of enchant weapon {unknown}
Potions
 f - a potion of haste {@q3}
 h - 2 potions of flight {unknown}
 p - 3 potions of curing {unknown}
 s - a potion of might {unknown}
 z - a potion of heal wounds {unknown}
 A - 2 potions of mutation {unknown}

Dungeon Overview and Level Annotations

Branches:
Dungeon (5/15)             Temple (1/1) D:4

Altars:
Ashenzari
Cheibriados
Dithmenos
Elyvilon
Fedhas
Gozag
Hepliaklqana
Kikubaaqudgha
Makhleb
Nemelex Xobeh
Okawaru
Qazlal
Sif Muna
Trog
Uskayaw
Vehumet
Wu Jian
Xom
Yredelemnul
Zin
The Shining One

Portals:
Abyss: D:4

Annotations:
D:4 1 transporter, Rye's ghost, novice HuMo
D:5 exclusions: orc, orc wizard and scorpion

▒..▒...▒ ▒..▒▒♣.♣......▒ ▒.▒
▒▒..▒£.▒.▒▒▒▒....▒©▒.)..▒ ▒.▒
▒▒..▒▒.▒▒▒.▒▒▒▒▒.▒▒.▒....▒▒▒.▒
▒..▒▒.∩.▒▒▒.▒^▒▒.▒............
▒..▒▒...▒.♣▒....▒▒...........▒
▒...♣▒)♣▒..▒©^.▒▒...........▒▒
▒.▒..♣▒▒..▒▒..©▒.........▒▒▒▒▒
▒.........▒▒▒▒)▒....)....▒ ▒
▒▒.......▒▒^xp.▒▒▒.▒▒▒...▒
▒.).▒▒▒▒▒....▒..♣.......▒
▒▒..▒▒.♣▒:.▒▒▒.▒.▒▒.▒▒▒▒▒▒
▒.▒©▒....^.▒.▒▒.▒.▒.....)▒
▒...▒▒▒▒..▒▒..▒▒.▒♣.▒▒▒▒<▒
▒.▒...)▒▒▒▒....▒▒▒..▒ ▒)▒
▒.▒▒...............▒▒ ▒.▒
▒.▒▒▒.▒..▒▒▒▒▒.▒▒▒▒▒ ▒.▒▒▒▒▒
▒.▒ ▒.▒.▒▒ ▒.▒ ▒▒▒▒.▒▒...


You could see a small abomination.


Message History

* * * LOW HITPOINT WARNING * * *
Unknown command.
You barely miss the small abomination.
The small abomination is moderately damaged.
You hit the gnoll.
You kill the gnoll!
Trog accepts your kill. The small abomination hits you.
* * * LOW HITPOINT WARNING * * *
Unknown command.
You slash the small abomination!
The small abomination is heavily damaged.
The small abomination hits you but does no damage.
Unknown command.
You closely miss the small abomination.
The small abomination is heavily damaged.
The small abomination barely misses you.
You hit the small abomination.
The small abomination is heavily damaged.
You are no longer berserk.
You are exhausted.
You feel yourself slow down. The small abomination hits you.
* * * LOW HITPOINT WARNING * * *
Your plate armour prevents you from hitting the small abomination.
The small abomination is heavily damaged.
The small abomination hits you!
* * * LOW HITPOINT WARNING * * *
The small abomination hits you!
You die...

Action                   |  1- 3 |  4- 6 |  7- 9 || total
-------------------------+-------+-------+-------++-------
Melee: Hand axe          |       |   172 |   208 ||   380
Invok: Berserk           |       |       |     4 ||     4
Evoke: Wand              |     3 |    18 |       ||    21
 Stab: Distracted        |       |     1 |       ||     1
       Sleeping          |       |     1 |       ||     1
Armor: Leather armour    |     2 |    44 |       ||    46
       Plate armour      |       |    30 |   138 ||   168
Dodge: Dodged            |     3 |    89 |    39 ||   131

Levels and vault maps discovered:
D:1:      arrival_zaba_pyramid, layout_basic, ebering_ecumenical_altar_box
D:2:      layout_loops_ring, basic_altar, amethyst_killhole
D:3:      layout_loops_ring
D:4:      layout_loops_ring, minmay_temple_entry_large_hall,
          gammafunk_ghost_abyssal_escape, dk_vineyard_2, uniq_ijyb
D:5:      layout_cave_pools
Temple:   nicolae_temple_the_god_donut

Notes
Turn   | Place    | Note
-------+----------+-------------------------------------------
     0 | D:5      | sanka the Human Delver began the quest for the Orb.
     0 | D:5      | Reached XP level 1. HP: 18/18 MP: 1/1
     3 | D:5      | Noticed an orc wizard
     3 | D:5      | Noticed a hound
    10 | D:5      | Noticed a hound
    13 | D:5      | Noticed an iguana
    42 | D:5      | Killed an iguana
    43 | D:5      | Reached skill level 3 in Axes
    43 | D:5      | Reached XP level 2. HP: 6/24 MP: 2/2
    43 | D:5      | Reached XP level 3. HP: 7/29 MP: 3/3
    44 | D:5      | Reached skill level 4 in Axes
    44 | D:5      | Reached XP level 4. HP: 9/35 MP: 4/4
   468 | D:5      | Noticed a sky beast
   489 | D:5      | Killed a sky beast
   490 | D:5      | Reached skill level 5 in Axes
   490 | D:5      | Reached XP level 5. HP: 41/41 MP: 5/5
   741 | D:5      | Reached XP level 6. HP: 31/47 MP: 6/6
   863 | D:5      | Reached skill level 6 in Axes
  1520 | D:4      | Noticed a small abomination
  1530 | D:4      | Noticed Rye's ghost (novice HuMo)
  1550 | D:4      | Found a transporter.
  1550 | D:4      | Found a one-way gate to the infinite horrors of the Abyss.
  1604 | D:4      | Found a transporter.
  1732 | D:4      | Found a staircase to the Ecumenical Temple.
  1744 | D:4      | Noticed Ijyb
  1768 | D:4      | Killed Ijyb
  1774 | Temple   | Entered the Ecumenical Temple
  2253 | Temple   | Became a worshipper of Trog the Wrathful
  2976 | D:3      | Reached XP level 7. HP: 25/52 MP: 7/7
  2985 | D:3      | Reached skill level 7 in Axes
  3412 | D:3      | Reached * piety under Trog
  4093 | D:2      | Found a basalt altar of Yredelemnul.
  5100 | D:4      | Reached ** piety under Trog
  5210 | D:4      | Noticed a small abomination
  5481 | D:4      | Reached skill level 8 in Axes
  5864 | D:4      | Killed a small abomination
  5865 | D:4      | Reached skill level 1 in Armour
  5865 | D:4      | Reached XP level 8. HP: 54/58 MP: 8/8
  5873 | D:4      | HP: 2/58 [small abomination (14)]
  5873 | D:4      | Mangled by a small abomination

Vanquished Creatures
  A small abomination (D:4)
  A sky beast (D:5)
  An ogre (D:2)
  A centaur zombie (D:5)
  2 hounds (D:5)
  Ijyb (D:4)
  An iguana (D:5)
  An orc wizard (D:5)
  A hound zombie (D:5)
  10 gnolls
  6 adders
  An ufetubus (D:4)
  An adder zombie (D:5)
  3 worms
  A dart slug (D:1)
  4 orcs (D:5)
  3 bats
  7 endoplasms
  3 giant cockroaches
  11 goblins
  3 hobgoblins
  6 jackals
  9 ball pythons
  2 frilled lizards
  2 kobolds
  7 rats
89 creatures vanquished.

Vanquished Creatures (collateral kills)
  A gnoll (D:3)
1 creature vanquished.

Vanquished Creatures (others)
  3 gnolls
3 creatures vanquished.

Grand Total: 93 creatures vanquished
